TOP OF THE 1ST |
Topeka Tornados batting - Pitching for Indiana Hounds : RHP Alex Stanford
|
Pitching: RHP Alex Stanford
|
|
Batting: SHB Javier Peña
|
0-0: Called Strike 0-1: Swinging Strike 0-2: Ball 1-2: Foul Ball, location: 2F 1-2: Foul Ball, location: 2F 1-2: Foul Ball, location: 2F 1-2: Strikes out looking
|
Batting: SHB Giancarlo Giannini
|
0-0: Bunt for hit - play at first, batter OUT! 5-3
|
Batting: LHB José López
|
0-0: Ball 1-0: Foul Ball, location: 2F 1-1: Foul Ball, location: 2F 1-2: Ball 2-2: Ball 3-2: Foul Ball, location: 2F 3-2: Fly out, F6 (Popup, 6MS)
|
Top of the 1st over - 0 run(s), 0 hit(s), 0 error(s), 0 left on base; Topeka 0 - Indiana 0 |
BOTTOM OF THE 1ST |
Indiana Hounds batting - Pitching for Topeka Tornados : RHP Eric Hunt
|
Pitching: RHP Eric Hunt
|
|
Batting: RHB Javier Martínez
|
0-0: Swinging Strike 0-1: Ball 1-1: Swinging Strike 1-2: Strikes out swinging
|
Batting: RHB Doug Murray
|
0-0: Fly out, F1 (Line Drive, 13)
|
Batting: RHB Jeff Jones
|
0-0: Ball 1-0: Ball 2-0: Ball 3-0: Called Strike 3-1: Foul Ball, location: 2F 3-2: SINGLE (Flyball, 9LS)
|
Batting: LHB Denny Poole
|
0-0: Ball 1-0: Ball 2-0: Ball 3-0: Called Strike 3-1: Foul Ball, location: 2F 3-2: Foul Ball, location: 2F 3-2: Fly out, F8 (Flyball, 8LD)
|
Bottom of the 1st over - 0 run(s), 1 hit(s), 0 error(s), 1 left on base; Topeka 0 - Indiana 0 |
TOP OF THE 2ND |
Topeka Tornados batting - Pitching for Indiana Hounds : RHP Alex Stanford
|
Batting: LHB Yoshiaki Ohayashi
|
0-0: Called Strike 0-1: Foul Ball, location: 2F 0-2: Foul Ball, location: 2F 0-2: Ball 1-2: Foul Ball, location: 2F 1-2: Ball 2-2: SINGLE (Groundball, 6MD)
|
Batting: RHB Dave Henderson
|
0-0: Foul Ball, location: 2F 0-1: Ball 1-1: Ball 2-1: Foul Ball, location: 2F 2-2: Foul Ball, location: 2F 2-2: SINGLE (Line Drive, 89M) Yoshiaki Ohayashi to second
|
Batting: RHB Ed Watkins
|
0-0: Ball 1-0: Called Strike 1-1: Ball 2-1: Foul Ball, location: 2F 2-2: Foul Ball, location: 2F 2-2: Ball 3-2: Fly out, F9 (Flyball, 89M) Runner from 2nd tags up, SAFE at 3rd with throw
|
Batting: LHB Alfredo Sánchez
|
0-0: Called Strike 0-1: Grounds into double play, 4-6-3 (Groundball, 4)
|
Top of the 2nd over - 0 run(s), 2 hit(s), 0 error(s), 1 left on base; Topeka 0 - Indiana 0 |
BOTTOM OF THE 2ND |
Indiana Hounds batting - Pitching for Topeka Tornados : RHP Eric Hunt
|
Batting: RHB Octávio Marín
|
0-0: Foul Ball, location: 2F 0-1: Ball 1-1: Foul Ball, location: 2F 1-2: Ball 2-2: Ball 3-2: Ground out 3-1 (Groundball, 34)
|
Batting: LHB Dave Watson
|
0-0: Ball 1-0: Called Strike 1-1: Called Strike 1-2: Foul Ball, location: 2F 1-2: Fly out, F2 (Popup, 2L)
|
Batting: RHB Francisco Tañón
|
0-0: Called Strike 0-1: SINGLE (Groundball, 56D)
|
Batting: SHB Charles Alexander
|
0-0: Ball 1-0: Foul Ball, location: 2F 1-1: Foul Ball, location: 2F 1-2: 2-RUN HOME RUN (Line Drive, 9D), Distance : 355 ft
|
Batting: LHB Dave Helásquez
|
0-0: Called Strike 0-1: Ball 1-1: Ground out U3 (Groundball, 3S)
|
Bottom of the 2nd over - 2 run(s), 2 hit(s), 0 error(s), 0 left on base; Topeka 0 - Indiana 2 |
TOP OF THE 3RD |
Topeka Tornados batting - Pitching for Indiana Hounds : RHP Alex Stanford
|
Batting: RHB Bob Hall
|
0-0: Ball 1-0: Ball 2-0: Called Strike 2-1: Ball 3-1: Foul Ball, location: 2F 3-2: SINGLE (Groundball, 34D)
|
Batting: LHB Edward Rose
|
0-0: Swinging Strike 0-1: Foul Ball, location: 2F 0-2: Fly out, F6 (Line Drive, 56D)
|
Batting: SHB Javier Peña
|
0-0: Called Strike 0-1: Ball 1-1: Ball 2-1: DOUBLE (Line Drive, 78XD) Bob Hall to third
|
Batting: SHB Giancarlo Giannini
|
0-0: Called Strike 0-1: Called Strike 0-2: Foul Ball, location: 2F 0-2: Ball 1-2: Strikes out looking
|
Batting: LHB José López
|
0-0: Hit by Pitch
|
Batting: LHB Yoshiaki Ohayashi
|
0-0: Ball 1-0: Called Strike 1-1: Ball 2-1: Foul Ball, location: 2F 2-2: Strikes out swinging
|
Top of the 3rd over - 0 run(s), 2 hit(s), 0 error(s), 3 left on base; Topeka 0 - Indiana 2 |
BOTTOM OF THE 3RD |
Indiana Hounds batting - Pitching for Topeka Tornados : RHP Eric Hunt
|
Batting: RHB Javier Martínez
|
0-0: Ball 1-0: Ball 2-0: Swinging Strike 2-1: SINGLE (Line Drive, 7LS)
|
Batting: RHB Doug Murray
|
0-0: Ball 1-0: Called Strike 1-1: Ball Javier Martínez is caught stealing 2nd base 2-1: Fly out, F9 (Flyball, 89M)
|
Batting: RHB Jeff Jones
|
0-0: Ball 1-0: Ball 2-0: SINGLE (Line Drive, 6MD)
|
Batting: LHB Denny Poole
|
0-0: 2-RUN HOME RUN (Flyball, 78XD), Distance : 399 ft
|
Batting: RHB Octávio Marín
|
0-0: Ball 1-0: Called Strike 1-1: Ball 2-1: Swinging Strike 2-2: Strikes out looking
|
Bottom of the 3rd over - 2 run(s), 3 hit(s), 0 error(s), 0 left on base; Topeka 0 - Indiana 4 |
TOP OF THE 4TH |
Topeka Tornados batting - Pitching for Indiana Hounds : RHP Alex Stanford
|
Batting: RHB Dave Henderson
|
0-0: Ball 1-0: Ball 2-0: Ball 3-0: Called Strike 3-1: SINGLE (Line Drive, 7S)
|
Batting: RHB Ed Watkins
|
0-0: Ball 1-0: Called Strike 1-1: Swinging Strike 1-2: Ball 2-2: Strikes out swinging
|
Batting: LHB Alfredo Sánchez
|
0-0: Called Strike 0-1: Ball 1-1: SINGLE (Line Drive, 6M) Dave Henderson to second
|
Batting: RHB Bob Hall
|
0-0: Ball 1-0: Called Strike 1-1: Ball 2-1: Ball 3-1: Foul Ball, location: 2F 3-2: Strikes out swinging
|
Batting: LHB Edward Rose
|
0-0: Ground out U3 (Groundball, 3)
|
Top of the 4th over - 0 run(s), 2 hit(s), 0 error(s), 2 left on base; Topeka 0 - Indiana 4 |
BOTTOM OF THE 4TH |
Indiana Hounds batting - Pitching for Topeka Tornados : RHP Eric Hunt
|
Batting: LHB Dave Watson
|
0-0: Called Strike 0-1: Swinging Strike 0-2: Ball 1-2: Strikes out swinging
|
Batting: RHB Francisco Tañón
|
0-0: Ball 1-0: Ball 2-0: Ball 3-0: Base on Balls
|
Batting: SHB Charles Alexander
|
0-0: Called Strike 0-1: Called Strike 0-2: Foul Ball, location: 2F 0-2: Ball 1-2: Ball Passed Ball! Francisco Tañón to second 2-2: Ball 3-2: TRIPLE (Line Drive, 89D) Francisco Tañón scores
|
Batting: LHB Dave Helásquez
|
0-0: Ball 1-0: Ball 2-0: Called Strike 2-1: Fly out, F5 (Popup, 5L)
|
Batting: RHB Javier Martínez
|
0-0: Ball 1-0: Ground out 4-3 (Groundball, 4M)
|
Bottom of the 4th over - 1 run(s), 1 hit(s), 0 error(s), 1 left on base; Topeka 0 - Indiana 5 |
TOP OF THE 5TH |
Topeka Tornados batting - Pitching for Indiana Hounds : RHP Alex Stanford
|
Batting: SHB Javier Peña
|
0-0: Called Strike 0-1: Ball 1-1: Foul Ball, location: 2F 1-2: Ball 2-2: Foul Ball, location: 2F 2-2: Ground out 4-3 (Groundball, 4)
|
Batting: SHB Giancarlo Giannini
|
0-0: Ball 1-0: Ball 2-0: Called Strike 2-1: Called Strike 2-2: Strikes out swinging
|
Batting: LHB José López
|
0-0: Ball 1-0: Called Strike 1-1: Foul Ball, location: 2F 1-2: Ball 2-2: Ball 3-2: Fly out, F9 (Flyball, 89M)
|
Top of the 5th over - 0 run(s), 0 hit(s), 0 error(s), 0 left on base; Topeka 0 - Indiana 5 |
BOTTOM OF THE 5TH |
Indiana Hounds batting - Pitching for Topeka Tornados : RHP Eric Hunt
|
Pitching: LHP Pedro Vega
|
|
Batting: RHB Doug Murray
|
0-0: DOUBLE (Line Drive, 78D)
|
Batting: RHB Jeff Jones
|
0-0: Ball 1-0: Swinging Strike 1-1: Ball 2-1: Foul Ball, location: 2F 2-2: Foul Ball, location: 2F 2-2: Strikes out swinging
|
Batting: LHB Denny Poole
|
0-0: SINGLE (Groundball, 6MS) (infield hit) Doug Murray to third
|
Batting: RHB Octávio Marín
|
0-0: Called Strike 0-1: Called Strike 0-2: Ball 1-2: Strikes out swinging
|
Batting: LHB Dave Watson
|
0-0: Ball 1-0: Swinging Strike 1-1: Foul Ball, location: 2F 1-2: Foul Ball, location: 2F 1-2: Strikes out swinging
|
Bottom of the 5th over - 0 run(s), 2 hit(s), 0 error(s), 2 left on base; Topeka 0 - Indiana 5 |
TOP OF THE 6TH |
Topeka Tornados batting - Pitching for Indiana Hounds : RHP Alex Stanford
|
Batting: LHB Yoshiaki Ohayashi
|
0-0: Ball 1-0: Ball 2-0: Called Strike 2-1: Fly out, F7 (Flyball, 78M)
|
Pitching: RHP Rob Fields
|
|
Batting: RHB Dave Henderson
|
0-0: Ball 1-0: Swinging Strike 1-1: SINGLE (Line Drive, 6MD)
|
Batting: RHB Ed Watkins
|
0-0: Foul Ball, location: 2F 0-1: Swinging Strike 0-2: SINGLE (Line Drive, 8LS) Dave Henderson to second
|
Batting: LHB Alfredo Sánchez
|
0-0: Called Strike 0-1: Foul Ball, location: 2F 0-2: Ball 1-2: Ball 2-2: Strikes out swinging
|
Batting: RHB Bob Hall
|
0-0: Called Strike 0-1: Ball 1-1: Ball 2-1: Fly out, F8 (Flyball, 89D)
|
Top of the 6th over - 0 run(s), 2 hit(s), 0 error(s), 2 left on base; Topeka 0 - Indiana 5 |
BOTTOM OF THE 6TH |
Indiana Hounds batting - Pitching for Topeka Tornados : LHP Pedro Vega
|
Batting: RHB Francisco Tañón
|
0-0: Called Strike 0-1: Ball 1-1: Swinging Strike 1-2: Foul Ball, location: 2F 1-2: Ball 2-2: Foul Ball, location: 2F 2-2: Ball 3-2: Base on Balls
|
Batting: SHB Charles Alexander
|
0-0: Swinging Strike 0-1: Ball 1-1: Ball 2-1: Ball 3-1: Base on Balls Francisco Tañón to second
|
Batting: LHB Dave Helásquez
|
0-0: Foul Ball, location: 2F 0-1: Ball 1-1: Ball 2-1: Ball 3-1: SINGLE (Groundball, 56D) Francisco Tañón to third Charles Alexander to second Runner from 3rd tries for Home, SAFE, no throw
|
Batting: RHB Javier Martínez
|
0-0: Called Strike 0-1: Called Strike 0-2: Strikes out swinging
|
Batting: RHB Doug Murray
|
0-0: Called Strike 0-1: DOUBLE (Line Drive, 78XD) Charles Alexander scores Dave Helásquez to third Runner from 3rd tries for Home, SAFE, throw made home
|
Pitching: RHP Craig Adams
|
|
Batting: RHB Jeff Jones
|
0-0: Ball Passed Ball! Doug Murray to third 1-0: Foul Ball, location: 2F 1-1: Fly out, F9 (Flyball, 9S)
|
Batting: LHB Denny Poole
|
0-0: Ball 1-0: Called Strike 1-1: Ball 2-1: Foul Ball, location: 2F 2-2: SINGLE (Flyball, 6MD) Doug Murray scores
|
Batting: RHB Octávio Marín
|
0-0: Swinging Strike 0-1: Foul Ball, location: 2F 0-2: Ball 1-2: Strikes out looking
|
Bottom of the 6th over - 4 run(s), 3 hit(s), 0 error(s), 1 left on base; Topeka 0 - Indiana 9 |
TOP OF THE 7TH |
Topeka Tornados batting - Pitching for Indiana Hounds : RHP Rob Fields
|
Batting: LHB Edward Rose
|
0-0: Ground out 1-3 (Groundball, 13S)
|
Batting: SHB Javier Peña
|
0-0: Ball 1-0: Fly out, F2 (Popup, 3S)
|
Batting: SHB Giancarlo Giannini
|
0-0: Ball 1-0: Foul Ball, location: 2F 1-1: SINGLE (Flyball, 78M)
|
Batting: LHB José López
|
0-0: Foul Ball, location: 2F 0-1: Foul Ball, location: 2F 0-2: Ball Giancarlo Giannini steals 2nd base 1-2: Ball 2-2: Fly out, F9 (Line Drive, 9S)
|
Top of the 7th over - 0 run(s), 1 hit(s), 0 error(s), 1 left on base; Topeka 0 - Indiana 9 |
BOTTOM OF THE 7TH |
Indiana Hounds batting - Pitching for Topeka Tornados : RHP Craig Adams
|
Batting: LHB Dave Watson
|
0-0: Ball 1-0: Ground out 4-3 (Groundball, 4)
|
Batting: RHB Francisco Tañón
|
0-0: Swinging Strike 0-1: Ball 1-1: Ball 2-1: Foul Ball, location: 2F 2-2: Strikes out swinging
|
Batting: SHB Charles Alexander
|
0-0: Called Strike 0-1: Foul Ball, location: 2F 0-2: Ball 1-2: Foul Ball, location: 2F 1-2: Ball 2-2: SINGLE (Groundball, 6MD)
|
Pitching: RHP Reginaldo Coscia
|
|
Batting: LHB Dave Helásquez
|
0-0: Called Strike 0-1: Called Strike 0-2: Ball 1-2: Ball 2-2: SINGLE (Groundball, 4MD) Charles Alexander to second Charles Alexander to third
|
Batting: RHB Javier Martínez
|
0-0: Ground out 5-3 (Groundball, 56S)
|
Bottom of the 7th over - 0 run(s), 2 hit(s), 0 error(s), 2 left on base; Topeka 0 - Indiana 9 |
TOP OF THE 8TH |
Topeka Tornados batting - Pitching for Indiana Hounds : RHP Rob Fields
|
Batting: LHB Yoshiaki Ohayashi
|
0-0: Called Strike 0-1: Called Strike 0-2: Ball 1-2: Ground out 3-1 (Groundball, 34S)
|
Batting: RHB Dave Henderson
|
0-0: Hit by Pitch
|
Batting: RHB Ed Watkins
|
0-0: Swinging Strike 0-1: Called Strike 0-2: Ball 1-2: Ball 2-2: Ball 3-2: Base on Balls Dave Henderson to second
|
Batting: LHB Alfredo Sánchez
|
0-0: Ball Wild Pitch! Dave Henderson to third Ed Watkins to second 1-0: Ball 2-0: Foul Ball, location: 2F 2-1: Foul Ball, location: 2F 2-2: Foul Ball, location: 2F 2-2: Foul Ball, location: 2F 2-2: Fly out, F9 (Line Drive, 9D) Runner from 3rd tags up, SCORES, no throw
|
Batting: RHB Bob Hall
|
0-0: Ball 1-0: Foul Ball, location: 2F 1-1: Ball 2-1: Called Strike 2-2: Foul Ball, location: 2F 2-2: Ball 3-2: Foul Ball, location: 2F 3-2: Strikes out swinging
|
Top of the 8th over - 1 run(s), 0 hit(s), 0 error(s), 1 left on base; Topeka 1 - Indiana 9 |
BOTTOM OF THE 8TH |
Indiana Hounds batting - Pitching for Topeka Tornados : RHP Reginaldo Coscia
|
Batting: RHB Doug Murray
|
0-0: Called Strike 0-1: Ball 1-1: Called Strike 1-2: Ball 2-2: Ball 3-2: Base on Balls
|
Batting: RHB Jeff Jones
|
0-0: Ball 1-0: Called Strike 1-1: Foul Ball, location: 2F 1-2: Ball 2-2: Foul Ball, location: 2F 2-2: Foul Ball, location: 2F 2-2: Fielders Choice at 2nd, 6-4 (Groundball, 6MD)
|
Pinch Hitting: RHB Danny Walker
|
0-0: Foul Ball, location: 2F 0-1: Foul Ball, location: 2F 0-2: Grounds into double play, 4-6-3 (Groundball, 4)
|
Bottom of the 8th over - 0 run(s), 0 hit(s), 0 error(s), 0 left on base; Topeka 1 - Indiana 9 |
TOP OF THE 9TH |
Topeka Tornados batting - Pitching for Indiana Hounds : RHP Rob Fields
|
Now at 2B: Danny Walker
|
|
Batting: LHB Edward Rose
|
0-0: Ball 1-0: SINGLE (Groundball, 4MD)
|
Batting: SHB Javier Peña
|
0-0: Called Strike 0-1: Foul Ball, location: 2F 0-2: SINGLE (Line Drive, 89S) Edward Rose to second
|
Batting: SHB Giancarlo Giannini
|
0-0: Called Strike 0-1: Ball 1-1: Foul Ball, location: 2F 1-2: Ball 2-2: Ball 3-2: Fly out, F8 (Flyball, 78S)
|
Batting: LHB José López
|
0-0: Called Strike 0-1: Called Strike 0-2: Strikes out swinging
|
Batting: LHB Yoshiaki Ohayashi
|
0-0: Ball 1-0: Ball 2-0: Ball 3-0: Base on Balls Edward Rose to third Javier Peña to second
|
Batting: RHB Dave Henderson
|
0-0: Foul Ball, location: 2F 0-1: Ball 1-1: DOUBLE (Line Drive, 7LS) Edward Rose scores Javier Peña scores Yoshiaki Ohayashi to third Runner from 3rd tries for Home, SAFE, no throw
|
Pitching: LHP Kai-ge Hui
|
|
Batting: RHB Ed Watkins
|
0-0: Ball 1-0: Fly out, F9 (Flyball, 9S)
|
Top of the 9th over - 3 run(s), 3 hit(s), 0 error(s), 1 left on base; Topeka 4 - Indiana 9 |
|